 Dungeon Crawl Stone Soup version 0.30.1-6-gbe392663c4 (webtiles) character file.

Game seed: 8001636840943204245

21273 Anriel the Thaumaturge (level 12, -1/81 HPs)
             Began as a Demigod Conjurer on Sept 20, 2023.
             Slain by a skeletal warrior
             ... wielding a +0 scimitar
              (28 damage)
             ... on level 14 of the Dungeon.
             The game lasted 01:24:38 (16071 turns).

Anriel the Thaumaturge (Demigod Conjurer)          Turns: 16071, Time: 01:24:39

Health: -1/81      AC:  9    Str: 12    XL:     12   Next: 22%
Magic:  1/29       EV: 19    Int: 35    God:
Gold:   825        SH:  0    Dex: 12    Spells: 8/28 levels left

rFire   + . .        m - staff of air
rCold   . . .        (no shield)
rNeg    . . .        b - +0 troll leather armour
rPois   .            w - +0 helmet
rElec   +            z - +1 cloak of Agoraphobia {rF+}
rCorr   .            C - +0 pair of gloves
SInv    .            (no boots)
Will    +....        (no amulet)
Stlth   +++          r - ring of wizardry
HPRegen 1.13/turn    E - ring of Dicakhu {EV+5 Int+3}
MPRegen 0.21/turn

%: wizardry (x1)
@: no status effects
A: high MP 1, forlorn, divine attributes
a: no special abilities


You were on level 14 of the Dungeon.
You visited 2 branches of the dungeon, and saw 15 of its levels.

You collected 915 gold pieces.
You spent 90 gold pieces at shops.

Inventory:

Hand Weapons
 v - the +3 dagger of the Abyss {freeze, rPois}
   (You found it on level 5 of the Dungeon)

   rPois:     It protects you from poison.
Armour
 b - a +0 troll leather armour (worn)
 h - +0 gold dragon scales
 u - a +1 leather armour of poison resistance
 w - a +0 helmet (worn)
 y - a +2 robe of positive energy
 z - the +1 cloak of Agoraphobia (worn) {rF+}
   (You acquired it on level 7 of the Dungeon)

   rF:        It protects you from fire.
 B - +0 steam dragon scales
 C - a +0 pair of gloves (worn)
 F - a +1 robe of willpower
 G - +0 acid dragon scales
Magical Staves
 m - a staff of air (weapon)
Jewellery
 k - a ring of willpower
 n - a ring of resist corrosion
 r - a ring of wizardry (left hand)
 E - the ring of Dicakhu (right hand) {EV+5 Int+3}
   (You found it on level 10 of the Dungeon)

   [ring of evasion]

   EV:        It affects your evasion (+5).
   Int:       It affects your intelligence (+3).
 H - a ring of positive energy
Wands
 g - a wand of quicksilver (9)
 i - a wand of iceblast (25)
 o - a wand of polymorph (11)
 q - a wand of flame (13) (quivered)
 K - a wand of paralysis (4)
Scrolls
 d - 3 scrolls of magic mapping
 f - 4 scrolls of teleportation
 t - 2 scrolls of fog
 x - 2 scrolls of immolation
 D - a scroll of fear
 L - a scroll of summoning
 M - a scroll of enchant weapon
 N - a scroll of blinking {unknown}
 P - a scroll of amnesia {unknown}
 Q - a scroll of torment {unknown}
Potions
 a - a potion of ambrosia
 c - 5 potions of cancellation
 e - 2 potions of brilliance
 j - a potion of lignification
 l - a potion of invisibility
 p - 3 potions of flight
 s - 4 potions of curing
 A - a potion of resistance
 I - a potion of magic
 J - a potion of heal wounds
 O - a potion of haste


   Skills:
 - Level 5.0 Armour
 + Level 7.4 Dodging
 - Level 5.0 Stealth
 + Level 8.9 Spellcasting
 - Level 7.3 Conjurations
 - Level 5.0 Hexes
 - Level 5.0 Translocations
 - Level 5.0 Fire Magic
 * Level 6.1 Air Magic
 - Level 5.5 Evocations


You had 8 spell levels left.
You knew the following spells:

 Your Spells              Type           Power      Damage    Failure   Level
a - Magic Dart            Conj           100%       1d8       1%          1
b - Searing Ray           Conj           100%       2d8       1%          2
c - Iskenderun's Mystic   Conj/Tloc      56%        2d12      1%          4
d - Inner Flame           Hex/Fire       50%        N/A       1%          3
e - Flame Wave            Conj/Fire      56%        2d13      1%          4
f - Conjure Ball Lightni  Conj/Air       38%        3x3d12    13%         6

Your spell library contained the following spells:

 Spells                   Type           Power      Damage    Failure   Level
 Slow                     Hex            100%       N/A       1%          1
 Summon Small Mammal      Summ           60%        N/A       1%          1
 Confusing Touch          Hex            50%        N/A       1%          3
 Dazzling Flash           Conj/Hex       100%       N/A       1%          3
 Gell's Gravitas          Tloc           50%        N/A       1%          3
 Summon Guardian Golem    Hex/Summ       33%        N/A       1%          3
 Teleport Other           Tloc           50%        N/A       1%          3
 Fulminant Prism          Conj/Hex       28%        3d14      1%          4
 Sticky Flame             Conj/Fire      56%        2d7       1%          4
 Call Canine Familiar     Summ           15%        N/A       4%          3
 Vampiric Draining        Necr           15%        2d7       4%          3
 Dispersal                Tloc           25%        N/A       26%         6
 Discord                  Hex            25%        N/A       100%        8
 Disjunction              Tloc           25%        N/A       100%        8


Dungeon Overview and Level Annotations

Branches:
Dungeon (14/15)            Temple (1/1) D:6            Lair (0/5) D:9
    Orc (0/2) D:12
 Vaults: D:13-14

Shops:
D:9 :

Annotations:
D:14 exclusion: obsidian statue


Innate Abilities, Weirdness & Mutations

You have an increased reservoir of magic. (+10% MP)
You shall have no god before yourself.
Your divine heritage dramatically boosts your attributes as you level up.


Message History

Restarting spell: Searing Ray (safe; 1% risk of failure)
Press: ? - help, Shift-Dir - straight line, f/p - skeletal warrior
Aim: a skeletal warrior, wielding a +0 trident (heavily damaged, inner flame, 83% to hit)
The searing ray hits the skeletal warrior but does no damage.
The skeletal warrior is heavily damaged. (Press . to maintain the ray.)
The searing ray hits the skeletal warrior!
The skeletal warrior is moderately damaged.
The searing ray hits the skeletal warrior.
Flame seeps out of the skeletal warrior.
The skeletal warrior is heavily damaged.
The skeletal warrior is engulfed in blazing flames.
Flame seeps out of the skeletal warrior.
The searing ray misses the skeletal warrior.
The searing ray hits the skeletal warrior but does no damage.
The skeletal warrior is severely damaged.
The skeletal warrior hits you with a +0 scimitar!!
The skeletal warrior hits you from afar with a +0 trident!!
* * * LOW HITPOINT WARNING * * *
The skeletal warrior completely misses you.
The skeletal warrior closely misses you.
Casting: Searing Ray (safe; 1% risk of failure)
Confirm with . or Enter, or press ? or * to list all spells.
You erupt in a blast of force!
The mystic blast hits the skeletal warrior!
Flame seeps out of the skeletal warrior.
The skeletal warrior is severely damaged.
The skeletal warrior is knocked back by the mystic blast.
The mystic blast hits the skeletal warrior!
The skeletal warrior is lightly damaged.
The skeletal warrior is knocked back by the mystic blast.
The mystic blast hits the skeletal warrior but does no damage.
The skeletal warrior is moderately damaged.
Okay, then.
As you read the scroll of summoning, it crumbles to dust.
Wisps of shadow whirl around you...
The skeletal warrior completely misses your red ugly thing.
The skeletal warrior hits your red ugly thing with a +0 trident!!
The skeletal warrior hits you with a +0 scimitar!!
You die...

~♣~~P~~♣...#
≈≈~~P~~~♣♣..#
≈~~P~~~~♣~..#
≈~~♣~P~P♣♣uz#
~~~~~~~♣~..u#
~P♣~PP~~.##.#
P ~~♣♣~..##u#
~~~ ♣♣..##u#


#uuzuz@# #..u...# #....#.# #....#u# #######......# #............# #....<.......#
#.?........#.# #..###.....#.# You could see 3 skeletal warriors and 9 friendly
ugly things.

Vanquished Creatures
  Erolcha (D:11)
  4 two-headed ogres
  2 boulder beetles
  A centaur warrior (D:13)
  Sonja (D:12)
  Pikel (D:6)
  2 ugly things
  3 cyclopes
  A gargoyle (D:10)
  A kobold demonologist (D:12)
  2 tengu conjurers (D:13)
  5 trolls
  Sigmund (D:6)
  A vampire (D:10)
  2 shadows
  Eustachio (D:6)
  2 wraiths (D:11)
  A wyvern (D:8)
  2 steam dragons (D:8)
  24 yaks
  Grum (D:8)
  4 vampire mosquitoes
  3 acid dragons
  A water moccasin (D:6)
  A black bear (D:8)
  A sky beast (D:8)
  9 orc warriors
  4 wolves (D:8)
  A phantom (D:7)
  6 ogres
  4 kobold brigands
  5 gnoll sergeants
  3 scorpions
  19 wights
  7 killer bees
  9 howler monkeys
  3 electric eels (D:10)
  3 jellies
  5 hounds
  5 orc priests
  3 gnoll boudas
  A sleepcap (D:4)
  Ijyb (D:4)
  6 iguanas
  9 orc wizards
  16 gnolls
  4 adders
  A shadow imp (D:8)
  2 white imps
  2 ufetubi
  2 worms (D:2)
  36 orcs
  5 bats
  9 endoplasms
  6 giant cockroaches
  6 goblins
  7 hobgoblins
  9 kobolds
  7 quokkas
  6 ball pythons
  2 frilled lizards
  6 rats
298 creatures vanquished.

Vanquished Creatures (others)
  A gnoll (D:9)
  11 ball lightnings
12 creatures vanquished.

Grand Total: 310 creatures vanquished

Notes
Turn   | Place    | Note
-------+----------+-------------------------------------------
     0 | D:1      | Anriel the Demigod Conjurer began the quest for the Orb.
     0 | D:1      | Reached XP level 1. HP: 14/14 MP: 5/5
   166 | D:1      | Reached skill level 2 in Spellcasting
   278 | D:1      | Reached XP level 2. HP: 20/20 MP: 0/7
  1056 | D:1      | Learned a level 2 spell: Searing Ray
  1362 | D:2      | Reached XP level 3. HP: 22/26 MP: 2/9
  2210 | D:3      | Reached skill level 3 in Spellcasting
  2245 | D:3      | Reached XP level 4. HP: 33/33 MP: 3/11
  2332 | D:3      | Learned a level 4 spell: Iskenderun's Mystic Blast
  2708 | D:4      | Noticed Ijyb
  2721 | D:4      | Killed Ijyb
  2907 | D:4      | Reached XP level 5. HP: 26/38 MP: 5/13
  3502 | D:5      | Entered Level 5 of the Dungeon
  3527 | D:5      | Found Zin's Purification Station.
  3534 | D:5      | Bought a potion of curing for 90 gold pieces
  3671 | D:5      | Reached skill level 4 in Spellcasting
  3715 | D:5      | Reached XP level 6. HP: 45/45 MP: 4/15
  3801 | D:5      | Identified the +3 dagger of the Abyss {freeze, rPois}
  4439 | D:6      | Noticed Sigmund
  4560 | D:6      | Reached skill level 5 in Conjurations
  4569 | D:6      | Noticed a water moccasin
  4575 | D:6      | Killed a water moccasin
  4575 | D:6      | Noticed Pikel
  4576 | D:6      | Reached skill level 5 in Spellcasting
  4576 | D:6      | Reached XP level 7. HP: 46/50 MP: 7/18
  4673 | D:6      | Reached skill level 1 in Translocations
  4917 | D:6      | Killed Pikel
  4918 | D:6      | Reached XP level 8. HP: 57/57 MP: 7/19
  5046 | D:6      | Killed Sigmund
  5047 | D:6      | Reached skill level 5 in Dodging
  5088 | D:6      | Reached skill level 1 in Armour
  5092 | D:6      | Noticed Eustachio
  5218 | D:6      | Killed Eustachio
  5343 | D:6      | Learned a level 3 spell: Inner Flame
  5348 | D:6      | Learned a level 4 spell: Flame Wave
  5755 | D:6      | Found a staircase to the Ecumenical Temple.
  5767 | Temple   | Entered the Ecumenical Temple
  6252 | D:7      | Reached skill level 5 in Translocations
  6717 | D:7      | Reached XP level 9. HP: 60/62 MP: 10/20
  6808 | D:7      | Identified a scroll of acquirement
  6808 | D:7      | Acquired the +1 cloak of Agoraphobia {rF+}
  6877 | D:7      | Reached skill level 5 in Stealth
  6877 | D:7      | Reached skill level 1 in Hexes
  7408 | D:8      | Reached skill level 1 in Fire Magic
  7519 | D:8      | Reached skill level 5 in Armour
  7589 | D:7      | Reached skill level 1 in Evocations
  8169 | D:8      | Noticed Grum
  8179 | D:8      | Killed Grum
  8527 | D:9      | Noticed a two-headed ogre
  8813 | D:9      | Noticed a two-headed ogre
  8815 | D:9      | Reached XP level 10. HP: 58/69 MP: 6/21
  8817 | D:9      | Reached skill level 5 in Evocations
  8955 | D:9      | Reached skill level 1 in Air Magic
  9878 | D:9      | Found Xorph's Book Shoppe.
  9927 | D:9      | Reached skill level 5 in Hexes
 10056 | D:9      | Killed a two-headed ogre
 10057 | D:9      | Reached skill level 5 in Fire Magic
 10280 | D:9      | Found a staircase to the Lair.
 10360 | D:9      | Killed a two-headed ogre
 10570 | D:10     | Entered Level 10 of the Dungeon
 11204 | D:10     | Reached XP level 11. HP: 62/74 MP: 16/23
 11222 | D:10     | Identified the ring of Dicakhu {EV+5 Int+3}
 11430 | D:10     | HP: 3/111 [gargoyle/+0 flail (21)]
 11435 | D:10     | Reached skill level 5 in Air Magic
 12172 | D:11     | Reached skill level 6 in Spellcasting
 12607 | D:11     | Noticed Erolcha
 12627 | D:11     | Killed Erolcha
 13090 | D:12     | Noticed a boulder beetle
 13290 | D:12     | Reached skill level 7 in Spellcasting
 13810 | D:11     | Killed a boulder beetle
 14091 | D:12     | Found a staircase to the Orcish Mines.
 14124 | D:12     | Noticed Sonja
 14310 | D:12     | Reached skill level 8 in Spellcasting
 14324 | D:12     | Noticed a two-headed ogre
 14340 | D:12     | Noticed a two-headed ogre
 14357 | D:12     | Killed Sonja
 14384 | D:12     | Killed a two-headed ogre
 14400 | D:12     | Killed a two-headed ogre
 14787 | D:13     | Reached XP level 12. HP: 33/81 MP: 11/29
 14860 | D:13     | Learned a level 6 spell: Conjure Ball Lightning
 15398 | D:13     | Noticed a centaur warrior
 15409 | D:13     | Killed a centaur warrior
 15468 | D:13     | Noticed a boulder beetle
 15481 | D:13     | Killed a boulder beetle
 16071 | D:14     | Slain by a skeletal warrior

Illustrated notes

Levels and vault maps discovered:
D:1:      lemuel_arrival_broad_hall, layout_basic
D:2:      layout_rooms, chequers_serial_rivers_micro_d,
          kennysheep_generic_room_3
D:3:      layout_basic, serial_aquarium, aquarium_bridge_straight
          [aquarium_subvault_bridge, aquarium_subvault_window,
          aquarium_subvault_bridge, aquarium_subvault_balcony],
          aquarium_window_fake, aquarium_window_fake, aquarium_window_fake,
          aquarium_view_2c
D:4:      layout_gridville, chequers_temple_overflow_statue_of_worship,
          uniq_ijyb
D:5:      layout_loops_cross, zin_purify, serial_park_tiny_pond
D:6:      layout_cave_pools, temple_green, uniq_sigmund, uniq_pikel,
          uniq_eustachio
D:7:      layout_cave_pods, nicolae_ru_path_of_blood, grunt_qazlal_clouds
D:8:      layout_rooms, uniq_grum
D:9:      layout_cave_pools, mainiacjoe_overflow_catwalk, serial_shops,
          nicolae_shop_stone, kennysheep_generic_room_8
D:10:     layout_basic, billiards_dpeg
D:11:     layout_roguey, uniq_erolcha
D:12:     layout_gridville, kennysheep_orc_monster_closet_entryway, uniq_sonja
D:13:     layout_loops_ring, nicolae_tso_swordbearing_angel
D:14:     layout_stronghold, skrybe_vaults_entry_preservation, serial_bayou,
          serial_bayou_shore_b, serial_bayou_crossing, serial_bayou_lake_a,
          serial_bayou_pond_c, minivault_16
Temple:   hellmonk_temple_two_chambers

Skill      XL: |  1  2  3  4  5  6  7  8  9 10 11 12 |
---------------+-------------------------------------+-----
Spellcasting   | 2 3 4 5 8 |  8.9
Dodging        | 2 3 4 5 6 7 |  7.4
Conjurations   | 4 5 7 |  7.3
Translocations | 3 5 |  5.0
Stealth        | 3 4 5 |  5.0
Armour         | 3 5 |  5.0
Hexes          | 3 5 |  5.0
Fire Magic     | 3 5 |  5.0
Evocations     | 4 5 |  5.5
Air Magic      | 4 5 6 |  6.1

Action                     |  1- 3 |  4- 6 |  7- 9 | 10-12 || total
---------------------------+-------+-------+-------+-------++-------
  Melee: Lajatang          |     4 |       |       |       ||     4
         Staff             |     1 |     3 |       |       ||     4
         Dagger            |       |       |    49 |    78 ||   127
         Punch             |       |       |     2 |     1 ||     3
  Throw: Throwing net      |       |       |       |     1 ||     1
   Cast: Magic Dart        |   107 |    70 |   104 |   165 ||   446
         Searing Ray       |     3 |    20 |    51 |    52 ||   126
         Iskenderun's Myst |       |       |    25 |    72 ||    97
         Inner Flame       |       |       |     3 |     5 ||     8
         Flame Wave        |       |       |     2 |    12 ||    14
         Conjure Ball Ligh |       |       |       |     5 ||     5
  Evoke: Wand              |       |       |     4 |    21 ||    25
    Use: Scroll            |     9 |     5 |     6 |     9 ||    29
         Potion            |       |       |     2 |     3 ||     5
   Stab: Sleeping          |     1 |       |       |     1 ||     2
         Invisible         |       |       |     3 |       ||     3
         Paralysed         |       |       |       |    15 ||    15
 Armour: Robe              |     6 |     4 |    22 |       ||    32
         Skin              |       |     6 |       |       ||     6
         Steam dragon scal |       |       |    11 |    24 ||    35
         Troll leather arm |       |       |       |    19 ||    19
  Dodge: Dodged            |     9 |    10 |    92 |   160 ||   271
